 Dungeon Crawl Stone Soup version 0.20.1-1-g8b1a95d (webtiles) character file.

6465 Mitsuki the Geomancer (level 11, -8/64 HPs)
             Began as a Gargoyle Earth Elementalist on Oct 1, 2017.
             Was a Believer of Vehumet.
             Mangled by an orc warrior
             ... wielding a +0 war axe
              (16 damage)
             ... in a bailey.
             The game lasted 00:50:27 (11803 turns).

Mitsuki the Geomancer (GrEE)                       Turns: 11803, Time: 00:50:28

Health: -8/64      AC: 13    Str: 12    XL:     11   Next: 0%
Magic:  8/21       EV: 17    Int: 19    God:    Vehumet [**....]
Gold:   387        SH:  0    Dex: 10    Spells: 13/23 levels left

rFire    . . .     SeeInvis +   a - staff of earth
rCold    . . .     Gourm    .   (no shield)
rNeg     + . .     Faith    .   I - +2 robe {MR+}
rPois    ∞         Spirit   .   P - +0 hat {SInv}
rElec    +         Reflect  .   y - +0 cloak
rCorr    .         Harm     .   (no gloves)
MR       +....                  (no boots)
Stlth    ++........             (no amulet)
Regen    0.2/turn               J - +4 ring of evasion
MPRegen  0.2/turn               (no ring)

@: no status effects
A: negative energy resistance 1, electricity resistance, unbreathing,
petrification resistance, rot immunity, AC +7
a: Renounce Religion


You were in a bailey.
You worshipped Vehumet.
Vehumet was pleased with you.
You were not hungry.

You visited 2 branches of the dungeon, and saw 9 of its levels.
You also visited: Bailey.

You collected 387 gold pieces.

Inventory:

Hand Weapons
 b - a +0 whip of flaming
 z - a +2 dagger of venom
 M - a cursed -3 whip
Missiles
 H - 114 stones (quivered)
Armour
 c - a +0 robe
 v - a +0 leather armour of poison resistance
 y - a +0 cloak (worn)
 I - a +2 robe of magic resistance (worn)
 P - a +0 hat of see invisible (worn)
 Q - a +3 leather armour
Magical Staves
 a - an uncursed staff of earth (weapon)
Jewellery
 x - an uncursed ring of poison resistance
 J - a +4 ring of evasion (left hand)
Scrolls
 f - 5 scrolls of magic mapping
 h - 3 scrolls of recharging {unknown}
 i - 10 scrolls of teleportation
 j - 2 scrolls of fog {unknown}
 m - 6 scrolls of remove curse {unknown}
 p - 6 scrolls of fear {unknown}
 t - 2 scrolls of identify {unknown}
 u - a scroll of random uselessness {unknown}
 B - a scroll of immolation {unknown}
 D - 2 scrolls of blinking {unknown}
 F - 2 scrolls of noise {unknown}
Potions
 g - 3 potions of berserk rage {unknown}
 k - a potion of might {unknown}
 l - 5 potions of curing
 n - a potion of flight {unknown}
 o - 2 potions of mutation {unknown}
 q - 2 potions of brilliance {unknown}
 r - a potion of degeneration {unknown}
 s - 3 potions of lignification {unknown}
 G - a potion of magic {unknown}
 N - a potion of heal wounds {unknown}
Books
 e - a book of Geomancy

   Spells                             Type                      Level
   a - Sandblast                      Earth                        1
   b - Passwall                       Transmutation/Earth          2
   c - Stone Arrow                    Conjuration/Earth            3
   d - Petrify                        Transmutation/Earth          4
   e - Lee's Rapid Deconstruction     Earth                        5
 w - a Young Poisoner's Handbook

   Spells                             Type                      Level
   a - Sting                          Conjuration/Poison           1
   b - Poisonous Vapours              Poison/Air                   2
   c - Mephitic Cloud                 Conjuration/Poison/Air       3
   d - Olgreb's Toxic Radiance        Poison                       4
   e - Venom Bolt                     Conjuration/Poison           5
 A - a book of Frost

   Spells                             Type                      Level
   a - Freeze                         Ice                          1
   b - Throw Frost                    Conjuration/Ice              2
   c - Ozocubu's Armour               Charms/Ice                   3
   d - Throw Icicle                   Conjuration/Ice              4
   e - Summon Ice Beast               Ice/Summoning                4
 K - a book of Misfortune

   Spells                             Type                      Level
   a - Confusing Touch                Hexes                        1
   b - Confuse                        Hexes                        3
   c - Gell's Gravitas                Translocation                3
   d - Petrify                        Transmutation/Earth          4
   e - Metabolic Englaciation         Hexes/Ice                    5
   f - Yara's Violent Unravelling     Hexes/Transmutation          5
Comestibles
 d - 8 bread rations
 C - a royal jelly
 E - 2 meat rations
 L - 3 fruits
 O - 4 chunks of flesh


   Skills:
 + Level 5.5 Fighting
 - Level 2.8(3.5) Maces & Flails
 + Level 3.2(3.7) Staves
 + Level 5.4 Armour
 + Level 4.6 Dodging
 - Level 2.1 Stealth
 - Level 2.0 Unarmed Combat
 + Level 6.7 Spellcasting
 + Level 6.8 Conjurations
   Level 0.7 Transmutations
 + Level 1.6 Fire Magic
 + Level 9.4 Earth Magic
 + Level 2.7 Evocations


You had 13 spell levels left.
You knew the following spells:

 Your Spells              Type           Power        Failure   Level  Hunger
a - Sandblast             Erth           ######       1%          1    None
b - Stone Arrow           Conj/Erth      ######       1%          3    ##.....
c - Lee's Rapid Deconstr  Erth           ######....   6%          5    #####..
d - Flame Tongue          Conj/Fire      ###..        1%          1    None


Dungeon Overview and Level Annotations

Branches:
Dungeon (8/15)             Temple (1/1) D:5            Lair (0/6) D:8

Altars:
Ashenzari
Cheibriados
Dithmenos
Elyvilon
Fedhas
Gozag
Hepliaklqana
Kikubaaqudgha
Makhleb
Nemelex Xobeh
Okawaru
Qazlal
Ru
Sif Muna
Trog
Uskayaw
Vehumet
Xom
Yredelemnul
Zin
The Shining One


Innate Abilities, Weirdness & Mutations

You are resistant to torment.
Your stone body is resilient. (AC +7)
You are immune to poison.
You resist negative energy. (rN+)
You are resistant to electric shocks. (rElec)
You can survive without breathing.
You are immune to petrification.
You are immune to rotting.


Message History

Press: ? - help, Shift-Dir - straight line, f/p - orc warrior
Aim: an orc warrior, wielding a war axe and wearing a ring mail (moderately wounded)
You feel a surge of power!
The stone arrow hits the orc warrior.
The orc warrior is almost dead.
The orc warrior hits you with a war axe!
* * * LOW HITPOINT WARNING * * *
The orc warrior hits you with a war axe.
* * * LOW HITPOINT WARNING * * *
Okay, then.
Casting: Stone Arrow
Confirm with . or Enter, or press ? or * to list all spells.
Aiming: Stone Arrow
Press: ? - help, Shift-Dir - straight line, f/p - orc warrior
Aim: an orc warrior, wielding a war axe and wearing a ring mail (almost dead)
You feel a surge of power!
The stone arrow hits the orc warrior.
You kill the orc warrior!
Vehumet accepts your kill.
You have reached level 11!
The orc warrior hits you with a war axe!
You die...

♣♣♣♣♣♣ ♣♣.♣♣.♣♣♣
♣♣♣.[[....♣♣♣
♣...[.......♣
♣.....∩...[.♣
♣.[........♣♣
♣♣...)∩....♣
♣..).....♣♣
♣.@o).....♣
♣♣##)''##♣♣
##.)...## #.......#
##o......##
#.........#
##.........##
#######.[)..⌠.....#
##.....##)........##


You could see an orc warrior.

Vanquished Creatures
  Gastronok (D:8)
  Pikel (D:6)
  An orc knight (Bailey)
  Eustachio (D:4)
  A black bear (D:6)
  11 orc warriors
  An eye of draining (D:5)
  2 phantoms (D:5)
  2 ogres
  3 centaurs
  Blork the orc (D:5)
  3 bullfrogs
  A wyvern zombie (D:7)
  2 crimson imps
  The ghost of nano the Stinger, a weakling SpVM (D:3)
  6 hounds
  Crazy Yiuf (D:2)
  2 bullfrog skeletons
  3 orc priests
  3 bullfrog zombies
  2 jellies
  3 centaur zombies
  An iguana (D:4)
  2 orc wizards (D:5)
  10 worker ants
  3 hound zombies
  12 adders
  21 gnolls
  A howler monkey skeleton (D:8)
  2 shadow imps
  An ooze (D:3)
  An adder skeleton (D:4)
  3 adder zombies
  A worm (D:2)
  A dart slug (D:3)
  7 leopard geckos
  31 orcs
  9 giant cockroaches
  15 goblins
  17 hobgoblins
  3 jackals (D:5)
  9 kobolds
  3 quokkas
  A ball python (D:3)
  8 bats
  11 frilled lizards
  A jackal skeleton (D:4)
  7 rats
233 creatures vanquished.

Vanquished Creatures (others)
  A hound (D:6)
1 creature vanquished.

Grand Total: 234 creatures vanquished

Notes
Turn   | Place    | Note
-------+----------+-------------------------------------------
     0 | D:1      | Mitsuki the Gargoyle Earth Elementalist began the quest for the Orb.
     0 | D:1      | Reached XP level 1. HP: 10/10 MP: 3/3
   289 | D:1      | Reached skill level 4 in Earth Magic
   391 | D:1      | Reached XP level 2. HP: 14/15 MP: 5/5
  1447 | D:2      | Reached XP level 3. HP: 17/19 MP: 7/7
  1616 | D:2      | Learned a level 3 spell: Stone Arrow
  1659 | D:2      | Found a runed door.
  2234 | D:2      | Reached XP level 4. HP: 24/24 MP: 8/8
  2323 | D:2      | Reached skill level 1 in Conjurations
  2754 | D:2      | Reached skill level 5 in Earth Magic
  3088 | D:3      | Reached XP level 5. HP: 28/28 MP: 7/10
  3449 | D:3      | Noticed nano's ghost (weakling SpVM)
  3455 | D:3      | Killed nano's ghost
  3631 | D:3      | Found a hazy altar of Hepliaklqana.
  3668 | D:3      | Found an ancient bone altar of Kikubaaqudgha.
  3769 | D:3      | Reached XP level 6. HP: 30/32 MP: 11/11
  4504 | D:4      | Noticed Eustachio
  4521 | D:4      | Killed Eustachio
  4521 | D:4      | Reached skill level 6 in Earth Magic
  4521 | D:4      | Reached XP level 7. HP: 30/36 MP: 3/13
  4693 | D:4      | Found an opulent altar of Gozag.
  4724 | D:4      | Found a blossoming altar of Fedhas.
  5077 | D:4      | Reached skill level 1 in Unarmed Combat
  5107 | D:4      | Reached skill level 1 in Armour
  5331 | D:5      | Entered Level 5 of the Dungeon
  5414 | D:5      | Reached skill level 1 in Fighting
  5422 | D:5      | Reached XP level 8. HP: 43/43 MP: 13/15
  5696 | D:5      | Found a glowing golden altar of the Shining One.
  5697 | D:5      | Noticed Blork the orc
  5755 | D:5      | Killed Blork the orc
  5755 | D:5      | Reached skill level 7 in Earth Magic
  5767 | D:5      | Reached skill level 5 in Spellcasting
  6280 | D:5      | Reached skill level 1 in Maces & Flails
  6814 | D:5      | Reached XP level 9. HP: 39/50 MP: 10/17
  6992 | D:5      | Found a staircase to the Ecumenical Temple.
  7000 | Temple   | Entered the Ecumenical Temple
  7175 | D:5      | Found a bloodstained altar of Trog.
  7482 | D:6      | Reached skill level 5 in Conjurations
  7724 | D:6      | Reached skill level 8 in Earth Magic
  7862 | D:6      | Learned a level 5 spell: Lee's Rapid Deconstruction
  7952 | D:6      | Found an iron altar of Okawaru.
  8267 | D:6      | Noticed Pikel
  8293 | D:6      | Killed Pikel
  8704 | D:2      | Noticed Crazy Yiuf
  8707 | D:2      | Paralysed by Crazy Yiuf for 6 turns
  8713 | D:2      | Killed Crazy Yiuf
  9246 | D:7      | Found a radiant altar of Vehumet.
  9254 | D:7      | Became a worshipper of Vehumet
  9339 | D:7      | Reached skill level 1 in Staves
  9527 | D:7      | Found a sacrificial altar of Ru.
  9528 | D:7      | Found a basalt altar of Yredelemnul.
  9781 | D:7      | Found a deep blue altar of Sif Muna.
 10016 | D:7      | Reached skill level 1 in Evocations
 10016 | D:7      | Reached XP level 10. HP: 56/58 MP: 19/19
 10299 | D:8      | Noticed Gastronok
 10319 | D:8      | Killed Gastronok
 10319 | D:8      | Reached skill level 5 in Fighting
 10319 | D:8      | Reached skill level 5 in Armour
 10319 | D:8      | Reached skill level 9 in Earth Magic
 10398 | D:8      | Found a flagged portal.
 10408 | Bailey   | Entered a bailey
 10640 | Bailey   | Reached * piety under Vehumet
 10640 | Bailey   | Offered knowledge of Flame Tongue by Vehumet.
 10643 | Bailey   | Learned a level 1 spell: Flame Tongue
 11302 | Bailey   | Reached skill level 1 in Fire Magic
 11376 | Bailey   | Noticed an orc knight
 11398 | Bailey   | Killed an orc knight
 11494 | Bailey   | Reached ** piety under Vehumet
 11500 | Bailey   | Offered knowledge of Searing Ray by Vehumet.
 11803 | Bailey   | Reached XP level 11. HP: 8/64 MP: 8/21
 11803 | Bailey   | Mangled by an orc warrior

Skill      XL: |  1  2  3  4  5  6  7  8  9 10 |
---------------+-------------------------------+-----
Earth Magic    | 4 5 6 7 8 9 |  9.4
Spellcasting   | 3 4 5 6 |  6.7
Conjurations   | 1 2 3 4 5 6 |  6.8
Unarmed Combat | 1 2 |  2.0
Armour         | 1 3 4 5 |  5.4
Fighting       | 1 3 4 5 |  5.5
Dodging        | 2 3 4 |  4.6
Maces & Flails | 1 2 |  2.8
Staves         | 1 3 |  3.2
Evocations     | 1 2 |  2.7
Fire Magic     | 1 |  1.6
Stealth        | |  2.1
Transmutations | |  0.7

Action                   |  1- 3 |  4- 6 |  7- 9 | 10-12 || total
-------------------------+-------+-------+-------+-------++-------
Melee: Unarmed           |    29 |       |       |       ||    29
       Club              |    13 |       |       |       ||    13
       Dagger            |    67 |    84 |   306 |       ||   457
       Staff             |       |       |   105 |   144 ||   249
       Whip              |       |       |    27 |       ||    27
       Punch             |       |       |     2 |     1 ||     3
 Cast: Sandblast         |     3 |    30 |    68 |    47 ||   148
       Stone Arrow       |       |     2 |    21 |    24 ||    47
       Lee's Rapid Decon |       |       |     2 |     1 ||     3
  Use: Scroll            |       |       |     1 |     1 ||     2
 Stab: Sleeping          |     8 |     4 |     1 |     1 ||    14
  Eat: Chunk             |     1 |     5 |    18 |     7 ||    31
       Meat ration       |     1 |       |       |       ||     1
       Fruit             |       |       |     2 |       ||     2
Armor: Robe              |    40 |    31 |   175 |    30 ||   276
Dodge: Dodged            |    57 |    68 |   313 |    95 ||   533
